AoeStats
← Rudelfux

Arena

510810607Analyzed
1v1 RM · 8h ago on Oct 2, 2026· 71m 25s· 2 players
Game mode
Random Map
Map size
Tiny (2 player)
Population
200
Speed
Normal
Resources
Standard
Victory
Conquest
Starting age
Dark Age
Ending age
Imperial Age
RankedLock teamsTeams togetherTeam positionsShared explorationLock speedFull tech treeHidden civsTurbo modeCheats
Victory
Defeat
🇺🇸 Turks · United States
550
+16
🇩🇪 Mongols · Germany
547
-16
Rudelfux
12:21 Feudal Age
12:51 Double-Bit Axe
12:48 Horse Collar
13:56 Wheelbarrow
19:05 Castle Age
18:27 Gold Mining
20:06 Stone Mining
21:05 Heavy Plow
21:17 Bow Saw
26:27 Gold Shaft Mining
29:21 Scale Barding Armor
29:29 Forging
29:45 Bloodlines
29:38 Husbandry
29:38 Town Watch
32:39 Chain Barding Armor
33:05 Loom
41:16 Stone Shaft Mining
41:01 Hand Cart
40:47 Town Patrol
45:01 Imperial Age
45:39 Elite Mangudai
51:04 Nomads
50:39 Light Cavalry
52:01 Iron Casting
51:17 Fletching
54:10 Hussar
55:58 Blast Furnace
55:11 Bodkin Arrow
57:35 Bracer
66:22 Padded Archer Armor
70:48 Leather Archer Armor
Grasshopper
10:08 Feudal Age
10:28 Horse Collar
10:34 Double-Bit Axe
17:35 Castle Age
15:58 Stone Mining
19:46 Fletching
27:23 Heavy Plow
27:24 Town Watch
27:44 Loom
30:31 Gold Mining
31:21 Wheelbarrow
34:38 Bow Saw
34:48 Hand Cart
34:34 Town Patrol
34:46 Padded Archer Armor
34:42 Bodkin Arrow
36:46 Gold Shaft Mining
36:32 Leather Archer Armor
39:46 Ballistics
39:37 Masonry
39:22 Murder Holes
43:51 Fortified Wall
44:45 Treadmill Crane
48:30 Imperial Age
51:27 Bombard Tower
51:39 Architecture
51:22 Elite Janissary
52:23 Conscription
52:06 Artillery
52:42 Hoardings
53:55 Guard Tower
53:51 Arrowslits
55:13 Keep
58:32 Bracer
59:03 Ring Archer Armor
60:09 Two-Man Saw
61:32 Bloodlines
61:23 Husbandry
Connection lost

Rejoining the realm…

Still unreachable

The connection could not be restored.

Session expired

The server has moved on; the page needs a fresh start.